 Dungeon Crawl Stone Soup version 0.21-a0-351-g38363bb (webtiles) character file.

770 tidbits the Thaumaturge (level 7, -3/51 HPs)
             Began as a Gnoll Wanderer on Oct 9, 2017.
             Was a Follower of Cheibriados.
             Killed by divine providence
             ... invoked by an orc priest
              (11 damage)
             ... on level 6 of the Dungeon.
             The game lasted 00:16:56 (2267 turns).

tidbits the Thaumaturge (Gnoll Wanderer)            Turns: 2267, Time: 00:16:56

Health: -3/51      AC:  5    Str: 18 (21) XL:     7   Next: 82%
Magic:  17/20      EV: 13    Int: 16 (18) God:    Cheibriados [*.....]
Gold:   322        SH:  0    Dex: 19 (20) Spells: 19/25 levels left

rFire    . . .     SeeInvis .   a - +1 short sword (drain)
rCold    . . .     Gourm    .   (no shield)
rNeg     . . .     Faith    .   B - +0 ring mail
rPois    +         Spirit   .   (no helmet)
rElec    .         Reflect  .   (no cloak)
rCorr    .         Harm     .   (no gloves)
MR       .....     Rnd*Rage +   (no boots)
Stlth    ++++......             (no amulet)
HPRegen  0.17/turn              v - ring of stealth
MPRegen  0.17/turn              W - ring of wizardry

@: mighty, starving, very slow
A: distributed training, fangs 1, berserk 1, poison resistance, wild magic 1,
sturdy frame 1, strong nose
a: Bend Time, Renounce Religion


You were on level 6 of the Dungeon.
You worshipped Cheibriados.
Cheibriados was aware of your devotion.
You were starving.

You visited 2 branches of the dungeon, and saw 7 of its levels.

You collected 322 gold pieces.

Inventory:

Hand Weapons
 a - a +1 short sword of draining (weapon)
   (You took it off a kobold on level 1 of the Dungeon)
 n - a +2 dagger
 p - a +2 dagger of protection
   (You took it off a goblin on level 1 of the Dungeon)
 s - a +0 scythe
 G - a +0 rapier
 H - a +0 flail
Missiles
 m - 50 bolts
 J - 4 arrows
Armour
 e - a +0 robe
 u - a +0 large shield
 B - a +0 ring mail (worn)
Jewellery
 v - a ring of stealth (left hand)
   (You found it on level 2 of the Dungeon)
 x - an uncursed ring of teleportation
   (You found it on level 4 of the Dungeon)
 W - a ring of wizardry (right hand)
   (You found it on level 3 of the Dungeon)
Scrolls
 k - a scroll of immolation
 l - 2 scrolls of teleportation {unknown}
 q - 2 scrolls of noise {unknown}
 r - 4 scrolls of remove curse
 t - a scroll of amnesia
 y - 3 scrolls of identify
 D - a scroll of random uselessness {unknown}
 I - a scroll of enchant armour {unknown}
 K - a scroll of recharging {unknown}
Potions
 b - 2 potions of haste
 g - a potion of agility
 i - a potion of berserk rage
 A - a potion of magic
Books
 c - Bosalu's Guide on Transformation

   Spells                             Type                      Level
   a - Sticks to Snakes               Transmutation                2
   b - Passwall                       Transmutation/Earth          2
 d - Huimy's Collected Works on Calling

   Spells                             Type                      Level
   a - Summon Small Mammal            Summoning                    1
   b - Recall                         Summoning/Translocation      3
 w - a book of Cantrips
   (You found it on level 2 of the Dungeon)

   Spells                             Type                      Level
   a - Confusing Touch                Hexes                        1
   b - Animate Skeleton               Necromancy                   1
   c - Summon Small Mammal            Summoning                    1
   d - Apportation                    Translocation                1
Comestibles
 f - 2 bread rations
 j - a meat ration
 E - 3 fruits


   Skills:
 + Level 2.6 Fighting
 + Level 2.6 Short Blades
 + Level 2.6 Long Blades
 + Level 2.6 Axes
 + Level 2.6 Maces & Flails
 + Level 2.6 Polearms
 + Level 2.6 Staves
 + Level 2.6 Slings
 + Level 2.6 Bows
 + Level 2.6 Crossbows
 + Level 2.6 Throwing
 + Level 2.6 Armour
 + Level 2.6 Dodging
 + Level 5.0 Stealth
 + Level 2.6 Shields
 + Level 2.6 Unarmed Combat
 + Level 9.6 Spellcasting
 + Level 2.6 Conjurations
 + Level 5.3 Hexes
 + Level 2.6 Charms
 + Level 2.6 Summonings
 + Level 2.6 Necromancy
 + Level 5.3 Translocations
 + Level 2.6 Transmutations
 + Level 2.6 Fire Magic
 + Level 2.6 Ice Magic
 + Level 2.6 Air Magic
 + Level 2.6 Earth Magic
 + Level 2.6 Poison Magic
 + Level 2.6 Invocations
 + Level 2.6 Evocations


You had 19 spell levels left.
You knew the following spells:

 Your Spells              Type           Power        Failure   Level  Hunger
a - Apportation           Tloc           ####..       1%          1    None
k - Sticks to Snakes      Tmut           ###.....     4%          2    None
n - Animate Skeleton      Necr           N/A          2%          1    None
w - Passwall              Tmut/Erth      ###.......   4%          2    None


Dungeon Overview and Level Annotations

Branches:
Dungeon (6/15)             Temple (1/1) D:4

Altars:
Ashenzari
Cheibriados
Dithmenos
Elyvilon
Fedhas
Gozag
Hepliaklqana
Kikubaaqudgha
Nemelex Xobeh
Okawaru
Qazlal
Sif Muna
Trog
Uskayaw
Vehumet
Wu Jian
Xom
Yredelemnul
The Shining One


Innate Abilities, Weirdness & Mutations

Your experience applies equally to all skills.
You have very sharp teeth.
Your uncanny sense of smell can sniff out nearby items.
You tend to lose your temper in combat.
Your system is resistant to poisons. (rPois)
Your spells are a little harder to cast, but a little more powerful.
Your movements are slightly less encumbered by armour. (ER -2)


Message History

Your ball python dies!
Your adder skeleton barely misses the orc wizard.
The orc priest calls upon Beogh to heal the orc wizard.
The orc wizard is healed somewhat.
You feel very mighty all of a sudden.
The orc wizard hits you but does no damage.
Your adder skeleton bites the orc wizard.
The hungry ghost hits your adder skeleton.
The orc wizard hits you but does no damage.
You puncture the orc wizard!
The orc wizard is severely wounded.
Your adder skeleton bites the orc wizard.
The orc wizard dies!
Cheibriados appreciates the change of pace.
The orc priest casts a cantrip, but nothing happens.
The orc barely misses your adder skeleton.
You hit the hungry ghost. Your bite misses the hungry ghost.
The hungry ghost is lightly damaged.
Your adder skeleton barely misses the hungry ghost.
The water moccasin barely misses your adder skeleton.
The hungry ghost hits you.
You are feeling hungry.
The orc barely misses your adder skeleton.
You puncture the hungry ghost!
The hungry ghost is heavily damaged.
Your adder skeleton completely misses the hungry ghost.
The water moccasin closely misses your adder skeleton.
The hungry ghost barely misses you.
The orc closely misses your adder skeleton.
Your adder skeleton misses the hungry ghost.
You puncture the hungry ghost!
The hungry ghost is almost destroyed.
The water moccasin bites your adder skeleton!
The hungry ghost misses you.
The orc priest mumbles some strange prayers to Beogh against you.
Beogh smites you!
* * * LOW HITPOINT WARNING * * *
The orc hits your adder skeleton.
The water moccasin bites your adder skeleton.
Your adder skeleton closely misses the orc.
You miss the hungry ghost. Your punch misses the hungry ghost.
The hungry ghost is almost destroyed.
The water moccasin bites your adder skeleton.
Your adder skeleton is destroyed!
The hungry ghost hits you.
* * * LOW HITPOINT WARNING * * *
You are feeling very hungry.
You miss the hungry ghost. Your bite misses the hungry ghost.
The hungry ghost is almost destroyed.
The hungry ghost hits you.
* * * LOW HITPOINT WARNING * * *
You are near starving!
The orc barely misses you.
You miss the hungry ghost.
The hungry ghost is almost destroyed.
The hungry ghost barely misses you.
The orc priest looks satisfied for a moment.
You miss the hungry ghost.
The hungry ghost is almost destroyed.
The orc barely misses you. The hungry ghost hits you.
You feel somewhat more hungry.
You puncture the hungry ghost!
You destroy the hungry ghost!
Cheibriados appreciates the change of pace.
Your Stealth skill increases to level 5!
The orc barely misses you. The water moccasin bites you.
* * * LOW HITPOINT WARNING * * *
You are poisoned.
The water moccasin poisons you!
It was a potion of degeneration.
There was something very wrong with that liquid.
You feel weakened.
You feel dopey.
You feel clumsy.
You feel sick. The water moccasin closely misses you.
The water moccasin misses you.
You closely miss the water moccasin.
You feel sick. The water moccasin bites you!
* * * LOW HITPOINT WARNING * * *
It was a potion of mutation.
You feel extremely strange.
You feel less encumbered by your armour.
You feel a little pissed off.
You feel resistant to poisons.
You feel less in control of your magic.
You feel sick. The water moccasin misses you.
It was a potion of curing.
You feel better.
The water moccasin bites you but does no damage.
The water moccasin bites you.
* * * LOW HITPOINT WARNING * * *
You hit the water moccasin.
The water moccasin is moderately wounded.
The water moccasin closely misses you. The flow of time bends around you.
Cheibriados rebukes the water moccasin.
The water moccasin seems to slow down.
You are starving!
The water moccasin bites you.
* * * LOW HITPOINT WARNING * * *
The orc priest mumbles some strange prayers to Beogh against you.
Beogh smites you!
You die...

#.........[..#.#.
.######.........≈..#.#.
.................>...#<
.#.##......###########
#.###### #..... #.#
#..... #.################
# #.##.........# #. #.
#@##.........#####
#..#.###S##..............
#!.....oo#########.######
#.###......oS..# #.# #.
#.#...####.# #.. ##
#.....# ###. .....## .#
###[... # .#..#.


You could see a water moccasin, an orc priest and an orc.

Vanquished Creatures
  A hungry ghost (D:6)
  A sky beast (D:6)
  An ogre (D:4)
  2 howler monkeys (D:4)
  An orc wizard (D:5)
  An iguana (D:4)
  A worker ant (D:4)
  A mummy (D:5)
  8 adders
  2 worms (D:2)
  A dart slug (D:3)
  8 orcs (D:5)
  8 bats
  6 giant cockroaches
  7 hobgoblins
  3 jackals (D:4)
  8 kobolds
  2 quokkas (D:4)
  2 frilled lizards
  A gnoll zombie (D:2)
  6 goblins
  A hobgoblin zombie (D:5)
  2 jackal skeletons (D:4)
  2 kobold zombies (D:5)
  An orc zombie (D:5)
  4 rats
81 creatures vanquished.

Vanquished Creatures (collateral kills)
  Sigmund (D:3)
  An orc wizard (D:6)
  2 worker ants (D:4)
  An adder (D:4)
  A gnoll zombie (D:2)
  A hobgoblin (D:3)
7 creatures vanquished.

Grand Total: 88 creatures vanquished

Notes
Turn   | Place    | Note
-------+----------+-------------------------------------------
     0 | D:1      | Reached skill level 9 in Spellcasting
     0 | D:1      | tidbits the Gnoll Wanderer began the quest for the Orb.
     0 | D:1      | tidbits set off with: a +2 dagger, a potion of haste, Bosalu's Guide on Transformation, Huimy's Collected Works on Calling, a +0 robe, a bread ration
     0 | D:1      | Reached XP level 1. HP: 13/13 MP: 10/10
     0 | D:1      | Identified Bosalu's Guide on Transformation
     0 | D:1      | Identified Huimy's Collected Works on Calling
     2 | D:1      | Learned a level 1 spell: Summon Small Mammal
   305 | D:1      | Reached XP level 2. HP: 19/19 MP: 12/12
   318 | D:1      | Learned a level 2 spell: Passwall
   321 | D:1      | Learned a level 2 spell: Sticks to Snakes
   410 | D:3      | Noticed Sigmund
   422 | D:3      | Killed Sigmund
   422 | D:3      | Reached skill level 1 in Fighting
   422 | D:3      | Reached skill level 1 in Short Blades
   422 | D:3      | Reached skill level 1 in Long Blades
   422 | D:3      | Reached skill level 1 in Axes
   422 | D:3      | Reached skill level 1 in Maces & Flails
   422 | D:3      | Reached skill level 1 in Polearms
   422 | D:3      | Reached skill level 1 in Staves
   422 | D:3      | Reached skill level 1 in Slings
   422 | D:3      | Reached skill level 1 in Bows
   422 | D:3      | Reached skill level 1 in Crossbows
   422 | D:3      | Reached skill level 1 in Throwing
   422 | D:3      | Reached skill level 1 in Armour
   422 | D:3      | Reached skill level 1 in Dodging
   422 | D:3      | Reached skill level 1 in Shields
   422 | D:3      | Reached skill level 1 in Unarmed Combat
   422 | D:3      | Reached skill level 1 in Conjurations
   422 | D:3      | Reached skill level 1 in Charms
   422 | D:3      | Reached skill level 1 in Summonings
   422 | D:3      | Reached skill level 1 in Necromancy
   422 | D:3      | Reached skill level 1 in Transmutations
   422 | D:3      | Reached skill level 1 in Fire Magic
   422 | D:3      | Reached skill level 1 in Ice Magic
   422 | D:3      | Reached skill level 1 in Air Magic
   422 | D:3      | Reached skill level 1 in Earth Magic
   422 | D:3      | Reached skill level 1 in Poison Magic
   422 | D:3      | Reached skill level 1 in Invocations
   422 | D:3      | Reached skill level 1 in Evocations
   422 | D:3      | Reached XP level 3. HP: 6/26 MP: 6/13
   422 | D:3      | Reached XP level 4. HP: 8/32 MP: 6/15
   422 | D:3      | Reached XP level 5. HP: 9/37 MP: 6/16
   589 | D:2      | Found a basalt altar of Yredelemnul.
   634 | D:2      | Found a glowing golden altar of the Shining One.
   636 | D:2      | Found a sparkling altar of Nemelex Xobeh.
   638 | D:2      | Found a deep blue altar of Sif Muna.
   924 | D:2      | Learned a level 1 spell: Apportation
  1210 | D:4      | Learned a level 1 spell: Animate Skeleton
  1330 | D:4      | Reached XP level 6. HP: 22/44 MP: 15/18
  1456 | D:5      | Entered Level 5 of the Dungeon
  1567 | D:4      | Found a staircase to the Ecumenical Temple.
  1584 | Temple   | Entered the Ecumenical Temple
  1603 | Temple   | Became a worshipper of Cheibriados the Contemplative
  1652 | D:4      | Reached skill level 2 in Fighting
  1652 | D:4      | Reached skill level 2 in Short Blades
  1652 | D:4      | Reached skill level 2 in Long Blades
  1652 | D:4      | Reached skill level 2 in Axes
  1652 | D:4      | Reached skill level 2 in Maces & Flails
  1652 | D:4      | Reached skill level 2 in Polearms
  1652 | D:4      | Reached skill level 2 in Staves
  1652 | D:4      | Reached skill level 2 in Slings
  1652 | D:4      | Reached skill level 2 in Bows
  1652 | D:4      | Reached skill level 2 in Crossbows
  1652 | D:4      | Reached skill level 2 in Throwing
  1652 | D:4      | Reached skill level 2 in Armour
  1652 | D:4      | Reached skill level 2 in Dodging
  1652 | D:4      | Reached skill level 2 in Shields
  1652 | D:4      | Reached skill level 2 in Unarmed Combat
  1652 | D:4      | Reached skill level 2 in Conjurations
  1652 | D:4      | Reached skill level 5 in Hexes
  1652 | D:4      | Reached skill level 2 in Charms
  1652 | D:4      | Reached skill level 2 in Summonings
  1652 | D:4      | Reached skill level 2 in Necromancy
  1652 | D:4      | Reached skill level 5 in Translocations
  1652 | D:4      | Reached skill level 2 in Transmutations
  1652 | D:4      | Reached skill level 2 in Fire Magic
  1652 | D:4      | Reached skill level 2 in Ice Magic
  1652 | D:4      | Reached skill level 2 in Air Magic
  1652 | D:4      | Reached skill level 2 in Earth Magic
  1652 | D:4      | Reached skill level 2 in Poison Magic
  1652 | D:4      | Reached skill level 2 in Invocations
  1652 | D:4      | Reached skill level 2 in Evocations
  1675 | D:4      | Reached XP level 7. HP: 35/50 MP: 20/20
  1721 | D:4      | Found a hide-covered altar of Uskayaw.
  1807 | D:3      | Reached * piety under Cheibriados
  2244 | D:6      | Noticed a hungry ghost
  2260 | D:6      | Killed a hungry ghost
  2260 | D:6      | Reached skill level 5 in Stealth
  2264 | D:6      | Gained mutation: Your movements are slightly less encumbered by armour. (ER -2) [potion of mutation]
  2264 | D:6      | Gained mutation: You tend to lose your temper in combat. [potion of mutation]
  2264 | D:6      | Gained mutation: Your system is resistant to poisons. (rPois) [potion of mutation]
  2264 | D:6      | Gained mutation: Your spells are a little harder to cast, but a little more powerful. [potion of mutation]
  2267 | D:6      | Killed from afar by an orc priest

Vault maps used:
D:1:      lemuel_arrival_tunnels
D:2:      lemuel_zombie_altar_yredelemnul, minitemple, first_bread
D:3:      uniq_sigmund
D:4:      eat_drink_and_be_merry_uskayaw, minmay_temple_entry_grid,
          kennysheep_generic_room_16
D:5:      grunt_temple_overflow_order_and_chaos_2, minmay_mini_ossuary
D:6:      minmay_ruffians
Temple:   eino_temple_lava

Skill      XL: |  1  2  3  4  5  6  7 |
---------------+----------------------+-----
Spellcasting   | |  9.6
Fighting       | 1 2 |  2.6
Short Blades   | 1 2 |  2.6
Long Blades    | 1 2 |  2.6
Axes           | 1 2 |  2.6
Maces & Flails | 1 2 |  2.6
Polearms       | 1 2 |  2.6
Staves         | 1 2 |  2.6
Slings         | 1 2 |  2.6
Bows           | 1 2 |  2.6
Crossbows      | 1 2 |  2.6
Throwing       | 1 2 |  2.6
Armour         | 1 2 |  2.6
Dodging        | 1 2 |  2.6
Shields        | 1 2 |  2.6
Unarmed Combat | 1 2 |  2.6
Conjurations   | 1 2 |  2.6
Charms         | 1 2 |  2.6
Summonings     | 1 2 |  2.6
Necromancy     | 1 2 |  2.6
Transmutations | 1 2 |  2.6
Fire Magic     | 1 2 |  2.6
Ice Magic      | 1 2 |  2.6
Air Magic      | 1 2 |  2.6
Earth Magic    | 1 2 |  2.6
Poison Magic   | 1 2 |  2.6
Invocations    | 1 2 |  2.6
Evocations     | 1 2 |  2.6
Hexes          | 5 |  5.3
Translocations | 5 |  5.3
Stealth        | 5 |  5.0

Action                   |  1- 3 |  4- 6 |  7- 9 || total
-------------------------+-------+-------+-------++-------
Melee: Dagger            |     8 |       |       ||     8
       Short sword       |    10 |   116 |    77 ||   203
       Bite              |     3 |    11 |    10 ||    24
 Cast: Summon Small Mamm |     8 |     3 |       ||    11
       Sticks to Snakes  |     2 |    19 |     2 ||    23
       Apportation       |       |     1 |     2 ||     3
       Passwall          |       |       |     8 ||     8
       Animate Skeleton  |       |       |     2 ||     2
Invok: Bend Time         |       |       |     1 ||     1
  Use: Potion            |     1 |     3 |     5 ||     9
       Scroll            |       |     3 |     2 ||     5
 Stab: Sleeping          |     2 |     5 |     7 ||    14
       Distracted        |       |     1 |       ||     1
  Eat: Chunk             |       |     2 |     2 ||     4
Armor: Ring mail         |       |    25 |    26 ||    51
       Robe              |       |     3 |       ||     3
Dodge: Dodged            |    13 |    66 |    46 ||   125

Table legend:
 A = Spawn XP
 B = Non-spawn XP
 C = Spawn XP percentage of total XP
 D = Spawn monster count
 E = Non-spawn monster count
 F = Spawn count percentage of total count
 G = Total turns spent on level
                    A         B        C        D         E        F      G
               +---------+---------+-------+---------+---------+-------+---------
         Total |       0 |    1100 |   0.0 |       0 |      88 |   0.0 |  2267
               +---------+---------+-------+---------+---------+-------+---------
           D:1 |       0 |      21 |   0.0 |       0 |      12 |   0.0 |   519
           D:2 |       0 |      55 |   0.0 |       0 |      17 |   0.0 |   409
           D:3 |       0 |     215 |   0.0 |       0 |      21 |   0.0 |   370
           D:4 |       0 |     376 |   0.0 |       0 |      19 |   0.0 |   541
           D:5 |       0 |      88 |   0.0 |       0 |      15 |   0.0 |   288
           D:6 |       0 |     345 |   0.0 |       0 |       4 |   0.0 |   111
               +---------+---------+-------+---------+---------+-------+---------

Table legend:
 A = Turns spent in this place as a percentage of turns spent in the entire game.
 B = Non-inter-level travel turns spent in this place as a percentage of non-inter-level travel turns spent in the entire game.
 C = Inter-level travel turns spent in this place as a percentage of turns spent in this place.
 D = Turns resting spent in this place as a percentage of non-inter-level travel turns spent in this place.
 E = Turns spent auto-exploring this place as a percentage of non-inter-level travel turns spent in this place.
 F = Non-inter-level travel turns spent in this place divided by the number of levels of this place that you've seen.
                   A       B       C       D       E      F
               +-------+-------+-------+-------+-------+----------------------
         Total | 100.0 | 100.0 |   4.3 |   0.0 |   0.0 | 310.0
       Dungeon |  98.7 |  99.0 |   4.0 |   0.0 |   0.0 | 358.2
        Temple |   1.3 |   1.0 |  27.6 |   0.0 |   0.0 |  21.0
               +-------+-------+-------+-------+-------+----------------------

Table legend:
 A = Kills in this place as a percentage of kills in entire the game.
 B = Kills by you in this place as a percentage of kills by you in the entire game.
 C = Kills by friends in this place as a percentage of kills by friends in the entire game.
 D = Other kills in this place as a percentage of other kills in the entire game.
 E = Experience gained in this place as a percentage of experience gained in the entire game.
 F = Experience gained in this place divided by the number of levels of this place that you have seen.
                   A       B       C       D       E      F
               +-------+-------+-------+-------+-------+----------------------
         Total | 100.0 | 100.0 | 100.0 |   N/A | 100.0 | 157.1
       Dungeon | 100.0 | 100.0 | 100.0 |   N/A | 100.0 | 183.3
               +-------+-------+-------+-------+-------+----------------------

Vault maps used:
D:1:      lemuel_arrival_tunnels
D:2:      lemuel_zombie_altar_yredelemnul, minitemple, first_bread
D:3:      uniq_sigmund
D:4:      eat_drink_and_be_merry_uskayaw, minmay_temple_entry_grid,
          kennysheep_generic_room_16
D:5:      grunt_temple_overflow_order_and_chaos_2, minmay_mini_ossuary
D:6:      minmay_ruffians
Temple:   eino_temple_lava
